 Dungeon Crawl Stone Soup version 0.29.1-15-g9cfb28693d (webtiles) character file.

Game seed: 1237033926452870222

74 pokedragonboy the Grasshopper (level 4, 0/40 HPs)
             Began as a Naga Warper on Mar 10, 2023.
             Slain by an adder (2 damage)
             ... on level 2 of the Dungeon.
             The game lasted 00:04:07 (2331 turns).

pokedragonboy the Grasshopper (Naga Warper)         Turns: 2331, Time: 00:04:07

Health: 0/40       AC:  2    Str: 16    XL:     4   Next: 28%
Magic:  5/7        EV:  9    Int: 13    God:
Gold:   67         SH:  0    Dex: 10    Spells: 5/7 levels left

rFire   . . .      SeeInvis +   a - +0 hand axe
rCold   . . .      Faith    .   (no shield)
rNeg    . . .      Spirit   .   b - +0 leather armour
rPois   +          Reflect  .   (no helmet)
rElec   .          Harm     .   (no cloak)
rCorr   .          Rampage  .   (no gloves)
Will    .....                   (no barding)
Stlth   +.........              (no amulet)
HPRegen 0.13/turn               (no ring)
MPRegen 0.10/turn               (no ring)

@: mighty, on blink cooldown, very slow
A: AC +1, large, see invisible, deformed body, poison resistance, slowness 2,
spit poison 1, naga tail 1
a: Spit Poison


You were on level 2 of the Dungeon.
You visited 1 branch of the dungeon, and saw 2 of its levels.

You collected 67 gold pieces.

Inventory:

Hand Weapons
 a - a +0 hand axe (weapon)
Missiles
 d - 6 boomerangs of dispersal (quivered)
Armour
 b - a +0 leather armour (worn)
 k - a +0 chain mail
Magical Staves
 j - a staff of air
Scrolls
 c - 2 scrolls of blinking
 h - a scroll of magic mapping {unknown}
 i - 3 scrolls of identify {unknown}
 l - a scroll of acquirement {unknown}
Potions
 e - a potion of might
 f - 2 potions of heal wounds {unknown}
 g - a potion of invisibility {unknown}


   Skills:
 + Level 2.4 Fighting
 * Level 2.8 Axes
 - Level 1.0 Throwing
 - Level 1.0 Armour
 + Level 1.9 Dodging
 + Level 2.3 Spellcasting
 * Level 3.6 Translocations


You had 5 spell levels left.
You knew the following spells:

 Your Spells              Type           Power      Damage    Failure   Level
m - Blink                 Tloc           20%        N/A       11%         2

Your spell library contained the following spells:

 Spells                   Type           Power      Damage    Failure   Level
 Gell's Gravitas          Tloc           10%        N/A       21%         3
 Lesser Beckoning         Tloc           10%        N/A       21%         3
 Teleport Other           Tloc           10%        N/A       21%         3
 Manifold Assault         Tloc           10%        N/A       88%         5


Dungeon Overview and Level Annotations

Branches:
Dungeon (2/15)

Altars:


Innate Abilities, Weirdness & Mutations

Your serpentine skin is tough. (AC +1)
You have supernaturally acute eyesight. (SInv)
Armour fits poorly on your strangely shaped body.
Your system is resistant to poisons. (rPois)
You cover ground very slowly.
You can spit poison.
You have a snake-like lower body.


Message History

The frilled lizard bites you but does no damage.
You slash the frilled lizard!
You kill the frilled lizard!
You hit the adder but do no damage. The adder completely misses you. x2
You slash the endoplasm!
You kill the endoplasm!
You hit the adder. The adder barely misses you. The adder bites you.
* * * LOW HITPOINT WARNING * * *
You closely miss the hobgoblin. You hit the adder but do no damage.
You have got your breath back.
The hobgoblin hits you.
* * * LOW HITPOINT WARNING * * *
The adder bites you.
* * * LOW HITPOINT WARNING * * *
You hit the hobgoblin.
The hobgoblin is heavily wounded.
You miss the adder. The adder bites you.
* * * LOW HITPOINT WARNING * * *
The hobgoblin hits you.
* * * LOW HITPOINT WARNING * * *
The hobgoblin hits you.
* * * LOW HITPOINT WARNING * * *
The adder barely misses you.
Okay, then.
Casting: Blink (safe; 11% risk of failure)
Confirm with . or Enter, or press ? or * to list all spells.
Okay, then.
Casting: Blink (safe; 11% risk of failure)
Confirm with . or Enter, or press ? or * to list all spells.
You blink.
Unknown command.
It was a potion of might.
You feel very mighty all of a sudden.
You slash the hobgoblin!
You kill the hobgoblin!
The adder barely misses you.
You barely miss the adder.
The adder is heavily wounded.
The adder bites you.
You die...

#. ....#.J........#
.### #..).l......#
.........##.....##
..#######...#.....
#.## ##†.....###
#..#####.†####.#
....#
#.#.....#####.#
.....
#....#÷S......#
.....
###..#...@######
.....###...###...#
......##.##.....##
##...........##...
##.......#........#
.............######
..#.#..........#
.........#####..
.........# ##


You could see an adder.

Vanquished Creatures
  2 adders (D:2)
  3 dart slugs
  8 endoplasms
  3 giant cockroaches
  2 goblins (D:1)
  2 hobgoblins
  5 jackals
  3 kobolds
  3 quokkas
  2 ball pythons (D:2)
  5 bats
  4 frilled lizards
  4 rats
46 creatures vanquished.

Notes
Turn   | Place    | Note
-------+----------+-------------------------------------------
     0 | D:1      | pokedragonboy the Naga Warper began the quest for the Orb.
     0 | D:1      | Reached XP level 1. HP: 19/19 MP: 3/3
   174 | D:1      | Reached skill level 1 in Throwing
   418 | D:1      | Reached XP level 2. HP: 21/26 MP: 5/5
  1065 | D:1      | Reached skill level 1 in Armour
  1111 | D:1      | Reached XP level 3. HP: 32/32 MP: 6/6
  1114 | D:1      | Learned a level 2 spell: Blink
  2041 | D:2      | Reached XP level 4. HP: 18/40 MP: 7/7
  2327 | D:2      | HP: 2/40 [hobgoblin (3)]
  2331 | D:2      | Slain by an adder

Illustrated notes

Levels and vault maps discovered:
D:1:      dpeg_arrival_arbitrary_a, layout_rooms, minmay_misc_feat_alley
D:2:      layout_rooms, minmay_pentomino_o2, uniq_crazy_yiuf_cottage

Skill      XL: |  1  2 |
---------------+-------+-----
Throwing       | 1 |  1.0
Armour         | 1 |  1.0
Fighting       | |  2.4
Axes           | |  2.8
Dodging        | |  1.9
Spellcasting   | |  2.3
Translocations | |  3.6

Action                   |  1- 3 |  4- 6 || total
-------------------------+-------+-------++-------
Melee: Hand axe          |   121 |    17 ||   138
       Punch             |       |     1 ||     1
Throw: Boomerang         |     1 |       ||     1
 Cast: Blink             |       |     1 ||     1
 Abil: Spit Poison       |    11 |     1 ||    12
  Use: Potion            |       |     1 ||     1
Armor: Leather armour    |    35 |     7 ||    42
       Chain mail        |    20 |       ||    20
Dodge: Dodged            |    79 |    16 ||    95
